 Dungeon Crawl Stone Soup version 0.30.1-9-gdf580d7c3d (webtiles) character file.

Game seed: 9167007032308384280

4862 boopmooplesden the Spear-Bearer (level 10, -3/63 HPs)
             Began as a Minotaur Fighter on Oct 9, 2023.
             Was an Elder of Okawaru.
             Collided with a stone wall (10 damage)
             ... caused by a wretched star
             ... on level 1 of the Abyss.
             The game lasted 00:12:07 (7837 turns).

boopmooplesden the Spear-Bearer (Minotaur Fighter)  Turns: 7837, Time: 00:12:09

Health: -3/63      AC:  8    Str: 31      XL:     10   Next: 26%
Magic:  7/7        EV: 11    Int: -1 (1)  God:    Okawaru [****..]
Gold:   221        SH:  5    Dex:  5 (6)  Spells: 9/9 levels left

rFire   x . .        y - +9 quarterstaff "Vairuisch" {freeze, *Noise Fly rN+++ Stlth+}
rCold   . . .        (shield currently unavailable)
rNeg    + + +        d - +2 leather armour {rF+}
rPois   .            (helmet restricted)
rElec   .            o - +0 cloak
rCorr   .            (no gloves)
SInv    .            p - +1 pair of boots
Will    .....        w - amulet of reflection
Stlth   ++           s - +6 ring of strength
HPRegen 0.30/turn    (no ring)
MPRegen 0.10/turn

%: random rage (9%), reflection
@: flying, slowed, lost intelligence, unable to read, very slow
A: horns 2, retaliatory headbutt, [berserk 2], [clumsy 2], [deformed body],
[deterioration 2], [dopey 2], [frail 3], [low MP 2], [heat vulnerability 2],
[inability to read after injury 2]
a: Renounce Religion, Heroism, Finesse


You were on level 1 of the Abyss.
You worshipped Okawaru.
Okawaru was greatly pleased with you.
You visited 1 branch of the dungeon, and saw 9 of its levels.
You visited the Abyss 1 time.

You collected 393 gold pieces.
You spent 172 gold pieces at shops.

Inventory:

Hand Weapons
 a - a +1 trident
 x - the +7 dagger "Onen" {pain, Dex+4}
   (You found it on level 7 of the Dungeon)

   Dex:       It affects your dexterity (+4).
 y - the +9 quarterstaff "Vairuisch" (weapon) {freeze, *Noise Fly rN+++ Stlth+}
   (You found it on level 7 of the Dungeon)

   rN:        It renders you almost immune to negative energy.
   Fly:       It grants you flight.
   *Noise:    It may make noises in combat.
   Stlth:     It makes you more stealthy.
 C - a +2 spear of flaming
Armour
 c - a +0 buckler
 d - a +2 leather armour of fire resistance (worn)
 k - a scarf of shadows
 o - a +0 cloak (worn)
 p - a +1 pair of boots (worn)
 B - a +0 pair of gloves
Jewellery
 i - a ring of poison resistance
 r - a ring of protection from cold
 s - a +6 ring of strength (left hand)
 w - an amulet of reflection (around neck)
 z - a +6 ring of strength
Wands
 A - a wand of flame (10)
Scrolls
 b - 7 scrolls of identify
 f - 3 scrolls of teleportation
 h - a scroll of blinking
 v - a scroll of fog {unknown}
 D - a scroll of brand weapon {unknown}
Potions
 e - a potion of lignification
 j - a potion of magic {unknown}
 l - 2 potions of berserk rage
 m - a potion of curing {unknown}
 n - a potion of mutation {unknown}
 q - 3 potions of flight
 t - a potion of haste
 u - a potion of attraction {unknown}


   Skills:
 + Level 8.8 Fighting
 + Level 11.1 Polearms
 + Level 0.7(7.0) Staves
 + Level 9.8 Armour
 + Level 3.5 Dodging
 + Level 0.4 Stealth
 + Level 7.6 Shields
 + Level 0.4 Invocations


You had 9 spell levels left.
You didn't know any spells.
Your spell library contained the following spells:

 Spells                   Type           Power      Damage    Failure   Level
 Freeze                   Ice            0%         1d3       63%         1
 Frozen Ramparts          Ice            0%         1d1       94%         3
 Hailstorm                Conj/Ice       0%         3d3       94%         3
 Passage of Golubria      Tloc           0%         N/A       100%        4
 Silence                  Hex/Air        0%         N/A       100%        5
 Lehudib's Crystal Spear  Conj/Erth      0%         10d2      100%        8


Dungeon Overview and Level Annotations

Branches:
Dungeon (9/15)
 Temple: D:4-7         Lair: D:8-11         Orc: D:9-12

Altars:
Elyvilon
Kikubaaqudgha
Okawaru
Sif Muna
Uskayaw
Vehumet
Wu Jian
Xom

Shops:
D:2 (   D:4 *   D:5 [

Annotations:
D:9 Erolcha


Innate Abilities, Weirdness & Mutations

You have a pair of horns on your head.
You reflexively headbutt those who attack you in melee.
[You have an uncontrollable temper.]
[You are very clumsy. (Dex -4)]
[Armour fits poorly on your strangely shaped body.]
[Your body often deteriorates upon taking damage.]
[You are very dopey. (Int -4)]
[You are extremely frail. (-30% HP)]
[Your magical capacity is very low. (-20% MP)]
[You are very vulnerable to heat. (rF--)]
[You sometimes lose the ability to read scrolls when taking damage.]


Message History

The wretched star pulses with an eldritch light!
You feel less energetic. x2
You miss the spriggan defender skeleton.
Your headbutt misses the spriggan defender skeleton.
The spriggan defender skeleton is moderately damaged.
The spriggan defender skeleton closely misses you.
You sock the spriggan defender skeleton!
You freeze the spriggan defender skeleton.
Your headbutt misses the spriggan defender skeleton.
The spriggan defender skeleton is heavily damaged.
The wretched star pulses with an eldritch light!
You feel yourself wasting away.
You feel your body start to fall apart.
You feel frail.
The spriggan defender skeleton hits you!
* * * LOW HITPOINT WARNING * * *
Your body deteriorates!
You feel dopey.
You have lost your intelligence.
The spriggan defender skeleton hits you but does no damage.
The spriggan defender skeleton completely misses you.
The wretched star pulses with an eldritch light!
You feel vulnerable to heat. x2
You can move again.
The spriggan defender skeleton attacks as you move away!
The spriggan defender skeleton hits you.
* * * LOW HITPOINT WARNING * * *
You feel like a meek peon again.
The spriggan defender skeleton hits you!
* * * LOW HITPOINT WARNING * * *
You feel much better.
The spriggan defender skeleton barely misses you.
The spriggan defender skeleton attacks as you move away!
The spriggan defender skeleton hits you!!
* * * LOW HITPOINT WARNING * * *
Your body deteriorates!
You feel clumsy.
The wretched star glows turbulently.
The lance of force hits you!
* * * LOW HITPOINT WARNING * * *
Your body deteriorates!
You feel dopey.
You are knocked back by the lance of force.
You slam into the stone wall!
You die...

.. .# # . . ##. #
## .## #...##.. .##
..# #..#.... #
.....##
....#>.#####.
#...#.#
#...#.Z.##........#
#....*........##.#
##.@.###...##.# .
#...####
#..#..#..#.# ....#
......#. ..# .## ..
#..#.#.. ### #.. #
.##....#. .
#...#.... ..#
.###.#....# . ##.##
...# ###.# ###


You could see a wretched star and a spriggan defender skeleton.

Vanquished Creatures
  A hornet (D:6)
  A flying skull (Abyss:1)
  Eustachio (D:4)
  2 steam dragons
  2 water moccasins
  Duvessa (D:7)
  A sky beast (D:7)
  2 orc warriors
  3 ice beasts
  An ogre (D:5)
  4 centaurs
  6 phantoms
  A kobold brigand (D:8)
  A gnoll sergeant (D:8)
  3 bullfrogs
  A necrophage (D:7)
  4 scorpions
  Dowan (D:7)
  A water moccasin skeleton (D:7)
  12 wights
  A howler monkey (D:6)
  A spectral centaur (D:7)
  A bullfrog zombie (D:7)
  2 jellies (D:6)
  4 hounds
  3 orc priests
  2 gnoll boudas
  An iguana (D:7)
  3 sleepcaps
  4 orc wizards (D:6)
  A spectral howler monkey (D:7)
  8 adders
  23 gnolls
  6 white imps
  2 ufetubi
  A worm (D:2)
  A dart slug (D:4)
  13 orcs
  4 endoplasms
  2 giant cockroaches
  8 hobgoblins
  5 quokkas
  2 ball pythons (D:3)
  5 bats
  A frilled lizard (D:1)
  A goblin (D:4)
  12 kobolds
  2 rats (D:2)
168 creatures vanquished.

Vanquished Creatures (others)
  A gnoll (D:8)
1 creature vanquished.

Grand Total: 169 creatures vanquished

Notes
Turn   | Place    | Note
-------+----------+-------------------------------------------
     0 | D:1      | boopmooplesden the Minotaur Fighter began the quest for the
                  | Orb.
     0 | D:1      | Reached XP level 1. HP: 19/19 MP: 0/0
   135 | D:1      | Reached XP level 2. HP: 27/27 MP: 1/1
   456 | D:1      | Reached skill level 3 in Polearms
   622 | D:2      | Reached XP level 3. HP: 33/33 MP: 2/2
   722 | D:2      | Found Tiarch's Weapon Shoppe.
  1506 | D:3      | Reached XP level 4. HP: 40/40 MP: 3/3
  1576 | D:3      | Found an iron altar of Okawaru.
  1582 | D:3      | Became a worshipper of Warmaster Okawaru
  1658 | D:3      | Found a shimmering altar of Xom.
  2058 | D:4      | Noticed Eustachio
  2073 | D:4      | Noticed a phantom
  2104 | D:4      | Killed a phantom
  2105 | D:4      | Reached skill level 4 in Polearms
  2105 | D:4      | Reached skill level 1 in Dodging
  2105 | D:4      | Reached XP level 5. HP: 6/46 MP: 4/4
  2105 | D:4      | HP: 1/46 [Eustachio/+0 rapier (6)]
  2116 | D:4      | Reached skill level 5 in Armour
  2306 | D:4      | Found Qidanova's General Store.
  2447 | D:4      | Killed Eustachio
  2447 | D:4      | Reached * piety under Okawaru
  2448 | D:4      | Reached skill level 5 in Polearms
  2448 | D:4      | Reached XP level 6. HP: 53/53 MP: 5/5
  2732 | D:4      | Reached skill level 5 in Shields
  2736 | D:4      | Reached XP level 7. HP: 50/60 MP: 6/6
  2965 | D:5      | Entered Level 5 of the Dungeon
  2975 | D:5      | Found a hide-covered altar of Uskayaw.
  2987 | D:5      | Identified the +0 helmet of Resonance {rF+ Int-4 Dex+2}
  3059 | D:5      | Found a white marble altar of Elyvilon.
  3078 | D:5      | Reached skill level 5 in Fighting
  3078 | D:5      | Reached skill level 6 in Polearms
  3123 | D:5      | Found Toat's Armour Emporium.
  3308 | D:5      | Bought a +1 pair of boots for 172 gold pieces
  3538 | D:5      | Found a radiant altar of Vehumet.
  3549 | D:5      | Reached ** piety under Okawaru
  3550 | D:5      | Reached skill level 7 in Polearms
  3853 | D:5      | Reached XP level 8. HP: 65/70 MP: 7/7
  4147 | D:6      | Reached skill level 8 in Polearms
  4556 | D:6      | Noticed a hornet
  4566 | D:6      | Killed a hornet
  4566 | D:6      | Reached *** piety under Okawaru
  4567 | D:6      | Reached skill level 9 in Polearms
  4567 | D:6      | Reached XP level 9. HP: 56/78 MP: 5/8
  4771 | D:6      | Found an ancient bone altar of Kikubaaqudgha.
  5037 | D:6      | Found a shimmering blue altar of Sif Muna.
  5793 | D:7      | Identified the +7 dagger "Onen" {pain, Dex+4}
  5860 | D:7      | Noticed Duvessa
  5860 | D:7      | Noticed Dowan
  5871 | D:7      | Killed Duvessa
  5872 | D:7      | Reached skill level 10 in Polearms
  5878 | D:7      | Killed Dowan
  5955 | D:7      | Reached **** piety under Okawaru
  6011 | D:7      | Found an ornate altar of the Wu Jian Council.
  6094 | D:7      | Identified the +9 quarterstaff "Vairuisch" {freeze, *Noise
                  | Fly rN+++ Stlth+}
  6926 | D:8      | Reached XP level 10. HP: 81/88 MP: 9/9
  7247 | D:8      | Reached ***** piety under Okawaru
  7248 | D:8      | Reached skill level 11 in Polearms
  7729 | D:9      | Noticed Erolcha
  7736 | Abyss:1  | Cast into level 1 of the Abyss (Erolcha)
  7798 | Abyss:1  | Noticed a wretched star
  7831 | Abyss:1  | Lost intelligence.
  7834 | Abyss:1  | HP: 3/63 [spriggan defender skeleton (13)]
  7837 | Abyss:1  | Collided with a stone wall

Illustrated notes

Levels and vault maps discovered:
D:1:      saegor_arrival_simple_c, layout_basic, hex_medium, glass_columns_b,
          minmay_misc_feat_room
D:2:      layout_rooms, serial_shops, shop, minmay_misc_feat_chi
D:3:      layout_basic, mainiacjoe_overflow_six_doors_small,
          okawaru_ov_weapons_minmay, minmay_misc_feat_nine_boxes, minivault_25
D:4:      layout_basic, serial_shops, shop, uniq_eustachio
D:5:      layout_basic, elyvilon_altar_1, mainiacjoe_overflow_small_starburst,
          nicolae_uskayaw_dance_hall, nicolae_stop_n_shop_2
D:6:      layout_loops_ring, lemuel_round_altar, kennysheep_orc_sif_temple,
          minmay_temple_entry_from_below_a, nrook_campfire, kennysheep_diamond,
          minmay_diced_spiral
D:7:      layout_layer_cave, mainiacjoe_overflow_surrounded_room,
          dilly_guarded_unrand_morg, uniq_duvessa
D:8:      layout_basic
D:9:      layout_roguey, mainiacjoe_overflow_boulevard,
          grunt_temple_overflow_open, lair_entry_dummy, serial_rivers,
          chequers_serial_rivers_micro_a, chequers_serial_rivers_marsh,
          chequers_serial_rivers_micro_c, chequers_serial_rivers_micro_a,
          serial_shops, nicolae_shop_pleasant_corner_grove, uniq_erolcha
Abyss:1:  base:
D:1

Skill      XL: |  1  2  3  4  5  6  7  8  9 10 |
---------------+-------------------------------+-----
Armour         | 4 5 6 7 9 |  9.8
Polearms       | 3 4 5 7 9 10 11 | 11.1
Shields        | 4 5 6 7 |  7.6
Fighting       | 4 5 6 8 |  8.8
Dodging        | 1 2 3 |  3.5
Staves         | |  0.7
Stealth        | |  0.4
Invocations    | |  0.4

Action                     |  1- 3 |  4- 6 |  7- 9 | 10-12 || total
---------------------------+-------+-------+-------+-------++-------
  Melee: Trident           |    98 |    95 |   320 |    33 ||   546
         Headbutt          |    13 |    14 |    58 |    13 ||    98
         Quarterstaff      |       |       |       |    30 ||    30
 Invoke: Heroism           |       |       |     4 |     3 ||     7
    Use: Scroll            |     8 |     2 |     5 |       ||    15
         Potion            |     1 |     3 |       |     2 ||     6
   Stab: Sleeping          |       |       |       |     1 ||     1
 Armour: Scale mail        |    30 |       |       |       ||    30
         Chain mail        |    13 |    66 |   174 |       ||   253
         Skin              |     1 |       |       |       ||     1
         Leather armour    |       |       |     1 |    15 ||    16
  Dodge: Dodged            |    30 |    65 |   121 |    33 ||   249
  Block: Buckler           |    21 |    38 |    83 |     9 ||   151
         Other             |       |       |       |    10 ||    10
         Reflection        |       |       |       |     1 ||     1
